 Dungeon Crawl Stone Soup version 0.31-a0-557-g6e16503903 (webtiles) character file.

Game seed: 14697329708342363323

10759 holysushi the Thaumaturge (level 11, 0/71 HPs)
             Began as a Djinni Shapeshifter on Aug 16, 2023.
             Was a Priest of Ru.
             Slain by a yak (6 damage)
             ... on level 1 of the Lair of Beasts.
             The game lasted 00:21:46 (10883 turns).

holysushi the Thaumaturge (Djinni Shapeshifter)    Turns: 10883, Time: 00:21:47

Health: 0/71       AC:  3    Str: 14    XL:     11   Next: 98%
Gold:   268        EV: 15    Int: 17    God:    Ru [***...] SH:  5 Dex: 14

rFire   + + +        s - +1 dagger (drain)
rCold   + + +        M - +0 buckler
rNeg    + . .        I - +0 troll leather armour
rPois   ∞            J - -2 hat of the Alchemist {rElec rPois rF+ rC+ rN+ Will+ rMut rCorr}
rElec   +            f - +0 cloak
rCorr   +            e - +0 pair of gloves
SInv    +            (boots unavailable)
Will    ++...        F - amulet of regeneration
Stlth   ++           C - ring of the Solstice {rC+++ rCorr Int+6 Dex-3 Stlth+}
HPRegen 1.91/turn    A - ring of see invisible
MPRegen 0.00/turn

%: resist mutation, infuse magic (-1 HP)
@: flying, studying Fighting
A: sickness immunity, fire resistance 2, cold vulnerability 1, inability to use
devices, no fire magic, no summoning magic, no transmutations magic, float,
innate caster, HP casting, extra vitality 1
a: Renounce Religion, Draw Out Power


You were on level 1 of the Lair of Beasts.
You worshipped Ru.
Ru was most pleased with you.
You visited 2 branches of the dungeon, and saw 11 of its levels.

You collected 448 gold pieces.
You spent 180 gold pieces at shops.

Inventory:

Hand Weapons
 l - a +1 dagger of venom
 n - a +1 dagger of speed
 s - a +1 dagger of draining (weapon)
 v - a +0 shortbow
 w - a +0 orcbow
Armour
 e - a +0 pair of gloves (worn)
 f - a +0 cloak (worn)
 j - a +2 helmet
 H - a +0 leather armour of willpower
 I - a +0 troll leather armour (worn)
 J - the -2 hat of the Alchemist (worn) {rElec rPois rF+ rC+ rN+ Will+ rMut rCorr}
   (You found it on level 6 of the Dungeon)

   rF+:       It protects you from fire.
   rC+:       It protects you from cold.
   rElec:     It insulates you from electricity.
   rPois:     It protects you from poison rN+: It protects you from negative
   energy.
   Will+:     It increases your willpower.
   rCorr:     It protects you from acid and corrosion.
   rMut:      It protects you from mutation.
 M - a +0 buckler (worn)
Jewellery
 a - a +6 ring of intelligence
 A - a ring of see invisible (right hand)
 C - the ring of the Solstice (left hand) {rC+++ rCorr Int+6 Dex-3 Stlth+}
   (You found it on level 4 of the Dungeon)

   [ring of intelligence]

   Int+6:     It affects your intelligence (+6).
   Dex-3:     It affects your dexterity (-3).
   rC+++:     It renders you almost immune to cold.
   rCorr:     It protects you from acid and corrosion.
   Stlth+:    It makes you more stealthy.
 F - an amulet of regeneration (around neck)
Talismans
 c - a beast talisman
 d - a flux talisman
 G - a maw talisman
Scrolls
 h - 9 scrolls of teleportation
 i - a scroll of poison {unknown}
 r - 4 scrolls of enchant armour {unknown}
 t - 7 scrolls of identify {unknown}
 u - 2 scrolls of torment {unknown}
 x - a scroll of brand weapon {unknown}
 y - 3 scrolls of enchant weapon {unknown}
 B - 4 scrolls of revelation {unknown}
 D - a scroll of noise {unknown}
 E - a scroll of summoning {unknown}
 K - a scroll of acquirement {unknown}
 L - a scroll of fear {unknown}
Potions
 b - 2 potions of lignification
 g - 3 potions of degeneration {unknown}
 k - 4 potions of might
 m - 4 potions of heal wounds
 o - 2 potions of brilliance {unknown}
 p - a potion of cancellation {unknown}
 q - a potion of haste {unknown}
 z - 4 potions of curing
 N - a potion of magic {unknown}


   Skills:
 - Level 3.0 Fighting
 - Level 5.2 Short Blades
 + Level 9.2 Dodging
 - Level 5.0 Shields
 - Level 3.2 Unarmed Combat
 + Level 9.5 Spellcasting
 + Level 9.5 Conjurations
 + Level 9.5 Hexes
   Level 0.0 Charms
   Level 0.0 Summonings
 + Level 9.5 Necromancy
 + Level 9.5 Translocations
   Level 0.0 Transmutations
   Level 0.0 Fire Magic
 + Level 9.5 Ice Magic
 + Level 9.5 Air Magic
 + Level 9.5 Earth Magic
 + Level 9.5 Poison Magic
 - Level 5.3 Shapeshifting


You knew the following spells:

 Your Spells              Type           Power      Damage    Failure   Level
a - Sandblast             Erth           80%        2d17      1%          1
b - Vampiric Draining     Necr           40%        2d8       1%          3
c - Vhi's Electric Charg  Tloc/Air       80%        N/A       1%          3
d - Airstrike             Air            20%        2d(3-19)  3%          4
e - Static Discharge      Conj/Air       80%        2-6/arc   1%          2
Your spell library was empty.

Dungeon Overview and Level Annotations

Branches:
Dungeon (10/15) Zot: 26085  Temple (0/1) D:7            Lair (1/5) D:9 Zot: 5909
    Orc: D:9-12

Altars:
Nemelex Xobeh
Okawaru
Qazlal
Ru
Yredelemnul
The Shining One

Shops:
D:5 !   D:6 =[


Innate Abilities, Weirdness & Mutations

You are immune to sickness and miasma.
You are immune to poison.
Your flesh is very heat resistant. (rF++)
You are vulnerable to cold. (rC-)
You cannot study or use magical devices.
You cannot study or cast Fire magic.
You cannot study or cast Summoning magic.
You cannot study or cast Transmutations magic.
You float through the air rather than walking.
You learn spells naturally, not from books.
Your magical power is your life essence.
You have superior vitality. (+4 MHP)


Message History

Confirm with . or Enter, or press ? or * to list all spells.
Aiming: Vampiric Draining (safe; 1% risk of failure)
Press: ? - help, Shift-Dir - straight line, f/p - yak
Aim: a yak (severely wounded)
You draw life force from the yak.
You feel life coursing into your body. The yak gores you! x2
You focus your inner power and blind the yak in retribution!
The yak gores you!
Casting: Vampiric Draining (safe; 1% risk of failure)
Confirm with . or Enter, or press ? or * to list all spells.
Aiming: Vampiric Draining (safe; 1% risk of failure)
Press: ? - help, Shift-Dir - straight line, f/p - yak
Aim: a yak (almost dead, blind)
You draw life force from the yak!
You kill the yak!
You feel life coursing into your body. You block the yak's attack.
The yak gores you!
* * * LOW HITPOINT WARNING * * *
Casting: Vampiric Draining (safe; 1% risk of failure)
Confirm with . or Enter, or press ? or * to list all spells.
Aiming: Vampiric Draining (safe; 1% risk of failure)
Press: ? - help, Shift-Dir - straight line, f - yak
Aim: a yak You draw life force from the yak!
You feel life coursing into your body.
* * * LOW HITPOINT WARNING * * *
The yak gores you.
* * * LOW HITPOINT WARNING * * *
The yak gores you!
* * * LOW HITPOINT WARNING * * *
Casting: Vampiric Draining (safe; 1% risk of failure)
Confirm with . or Enter, or press ? or * to list all spells.
Aiming: Vampiric Draining (safe; 1% risk of failure)
Press: ? - help, Shift-Dir - straight line, f/p - yak
Aim: a yak (moderately wounded)
You draw life force from the yak!
You feel life coursing into your body.
* * * LOW HITPOINT WARNING * * *
The yak gores you.
* * * LOW HITPOINT WARNING * * *
The yak gores you.
You die...

........##.#.............
###.#.#...#.##†.....#.###.
#.#.........<.##...## .
##.#..#.....####.# ##
##.....P..... .#
#.P.............
#.P#..#..........
####............
#@†........#.#
#..YY##.###..##.#
#.......# ## . ####....#
####.# #.# #.# ..#


You could see 2 yaks.

Vanquished Creatures
  Erolcha (D:10)
  A centaur warrior (D:9)
  2 two-headed ogres (D:10)
  Joseph (D:10)
  2 kobold demonologists (D:8)
  A komodo dragon (Lair:1)
  A troll (D:6)
  15 yaks
  A steam dragon (D:9)
  A human (D:10)
  A vampire mosquito (D:6)
  Edmund (D:5)
  2 wargs (D:10)
  2 orc warriors
  A hornet zombie (D:8)
  A black bear (shapeshifter) (D:10)
  A sky beast (D:8)
  2 centaurs
  2 phantoms
  A kobold brigand (D:8)
  Blork the orc (D:4)
  4 bullfrogs
  A gnoll sergeant (D:10)
  A wyvern zombie (D:8)
  4 scorpions
  12 wights
  8 killer bees (D:9)
  A lava snake (D:9)
  3 centaur zombies (D:8)
  3 hounds (D:4)
  10 orc priests
  2 jellies
  4 sleepcaps
  3 iguanas
  14 orc wizards
  3 howler monkey zombies (D:8)
  Robin (D:3)
  9 gnolls
  9 adders
  An ufetubus (D:4)
  A worm (D:4)
  37 orcs
  5 endoplasms
  5 giant cockroaches
  15 goblins
  7 hobgoblins
  3 quokkas
  5 ball pythons
  2 bats (D:1)
  4 frilled lizards
  17 kobolds
  9 rats
244 creatures vanquished.

Vanquished Creatures (others)
  A two-headed ogre (D:10)
1 creature vanquished.

Grand Total: 245 creatures vanquished

Notes
Turn   | Place    | Note
-------+----------+-------------------------------------------
     0 | D:1      | holysushi the Djinni Shapeshifter began the quest for the
                  | Orb.
     0 | D:1      | Reached XP level 1. HP: 17/17 MP: 0/0
    69 | D:1      | Reached XP level 2. HP: 3/22 MP: 0/0
   429 | D:1      | Reached XP level 3. HP: 20/28 MP: 0/0
   429 | D:1      | Learned a level 1 spell: Sandblast
  1140 | D:2      | Reached skill level 1 in Spellcasting
  1140 | D:2      | Reached skill level 1 in Conjurations
  1140 | D:2      | Reached skill level 1 in Hexes
  1140 | D:2      | Reached skill level 1 in Summonings
  1140 | D:2      | Reached skill level 1 in Necromancy
  1140 | D:2      | Reached skill level 1 in Translocations
  1140 | D:2      | Reached skill level 1 in Transmutations
  1140 | D:2      | Reached skill level 1 in Fire Magic
  1140 | D:2      | Reached skill level 1 in Ice Magic
  1140 | D:2      | Reached skill level 1 in Air Magic
  1140 | D:2      | Reached skill level 1 in Earth Magic
  1140 | D:2      | Reached skill level 1 in Poison Magic
  1404 | D:2      | Reached XP level 4. HP: 26/33 MP: 0/0
  1866 | D:2      | Found a faded altar of an unknown god.
  2261 | D:3      | Noticed Robin
  2529 | D:3      | Reached XP level 5. HP: 37/38 MP: 0/0
  2529 | D:3      | Learned a level 2 spell: Static Discharge
  2535 | D:3      | Found a glowing golden altar of the Shining One.
  2662 | D:3      | Killed Robin
  3313 | D:3      | Reached XP level 6. HP: 26/43 MP: 0/0
  3722 | D:4      | Reached XP level 7. HP: 40/48 MP: 0/0
  3722 | D:4      | Learned a level 3 spell: Vhi's Electric Charge
  3996 | D:4      | Noticed Blork the orc
  4010 | D:4      | Killed Blork the orc
  4093 | D:4      | Identified the ring of the Solstice {rC+++ rCorr Int+6
                  | Dex-3 Stlth+}
  4185 | D:4      | Found a basalt altar of Yredelemnul.
  4185 | D:4      | Found an iron altar of Okawaru.
  4195 | D:4      | Found a faded altar of an unknown god.
  4197 | D:4      | Found a sacrificial altar of Ru.
  4619 | D:4      | Became a worshipper of Ru the Awakened
  4641 | D:5      | Entered Level 5 of the Dungeon
  4877 | D:5      | Noticed Edmund
  4889 | D:5      | Killed Edmund
  4890 | D:5      | Reached skill level 5 in Spellcasting
  4890 | D:5      | Reached skill level 5 in Conjurations
  4890 | D:5      | Reached skill level 5 in Hexes
  4890 | D:5      | Reached skill level 5 in Summonings
  4890 | D:5      | Reached skill level 5 in Necromancy
  4890 | D:5      | Reached skill level 5 in Translocations
  4890 | D:5      | Reached skill level 5 in Transmutations
  4890 | D:5      | Reached skill level 5 in Fire Magic
  4890 | D:5      | Reached skill level 5 in Ice Magic
  4890 | D:5      | Reached skill level 5 in Air Magic
  4890 | D:5      | Reached skill level 5 in Earth Magic
  4890 | D:5      | Reached skill level 5 in Poison Magic
  5073 | D:5      | Reached XP level 8. HP: 39/53 MP: 0/0
  5647 | D:5      | Found Wounyub's Distillery.
  5654 | D:5      | Bought a potion of curing for 45 gold pieces
  5654 | D:5      | Bought a potion of heal wounds for 75 gold pieces
  5654 | D:5      | Bought a potion of might for 60 gold pieces
  5745 | D:6      | Found Fuwnepex's Jewellery Boutique.
  5886 | D:6      | Reached skill level 1 in Short Blades
  5992 | D:6      | Noticed a troll
  5993 | D:6      | Noticed a gargoyle
  6019 | D:6      | Killed a troll
  6177 | D:6      | Found the -2 hat of the Alchemist {rElec rPois rF+ rC+ rN+
                  | Will+ rMut rCorr}
  6252 | D:6      | Reached XP level 9. HP: 54/60 MP: 0/0
  6252 | D:6      | Learned a level 3 spell: Vampiric Draining
  6298 | D:6      | Found Vouzi's Antique Armour Emporium.
  6706 | D:7      | Gained mutation: You cannot study or cast Fire magic. [Ru
                  | sacrifice]
  6706 | D:7      | Gained mutation: You cannot study or cast Transmutations
                  | magic. [Ru sacrifice]
  6706 | D:7      | Gained mutation: You cannot study or cast Summoning magic.
                  | [Ru sacrifice]
  6706 | D:7      | Reached * piety under Ru
  6764 | D:7      | Found a staircase to the Ecumenical Temple.
  7373 | D:7      | Reached skill level 5 in Shapeshifting
  7843 | D:8      | Reached skill level 5 in Short Blades
  8000 | D:8      | Reached skill level 1 in Shields
  8038 | D:8      | Noticed a kobold demonologist
  8038 | D:8      | Noticed a kobold demonologist
  8049 | D:8      | Noticed a soul eater
  8049 | D:8      | Killed a kobold demonologist
  8050 | D:8      | Reached XP level 10. HP: 42/67 MP: 0/0
  8050 | D:8      | Noticed an ice devil
  8055 | D:8      | Killed a kobold demonologist
  8322 | D:8      | Reached skill level 5 in Shields
  8422 | D:8      | Gained mutation: You cannot study or use magical devices.
                  | [Ru sacrifice]
  8422 | D:8      | Reached ** piety under Ru
  8422 | D:8      | Reached *** piety under Ru
  8857 | D:9      | Noticed a centaur warrior
  8865 | D:9      | Killed a centaur warrior
  8928 | D:9      | Found a sparkling altar of Nemelex Xobeh.
  8941 | D:9      | Found a stormy altar of Qazlal.
  9177 | D:9      | Found a staircase to the Lair.
  9895 | D:10     | Entered Level 10 of the Dungeon
 10001 | D:10     | Reached XP level 11. HP: 68/71 MP: 0/0
 10001 | D:10     | Learned a level 4 spell: Airstrike
 10015 | D:10     | Noticed a two-headed ogre
 10022 | D:10     | Killed a two-headed ogre
 10023 | D:10     | Reached skill level 5 in Dodging
 10023 | D:10     | Noticed a two-headed ogre
 10093 | D:10     | Noticed Joseph
 10236 | D:10     | Killed a two-headed ogre
 10262 | D:10     | Noticed a two-headed ogre
 10264 | D:10     | Killed a two-headed ogre
 10276 | D:10     | Killed Joseph
 10634 | D:10     | Noticed Erolcha
 10640 | D:10     | Killed Erolcha
 10765 | Lair:1   | Entered Level 1 of the Lair of Beasts
 10883 | Lair:1   | Slain by a yak

Illustrated notes

Levels and vault maps discovered:
D:1:      roderic_dead_forest, layout_basic, minmay_fountain_box,
          minmay_tetromino_t2
D:2:      layout_basic, hellmonk_ecumenical_altar_inner_sanctum
D:3:      layout_basic, mainiacjoe_overflow_paths, serial_rivers,
          chequers_serial_rivers_large_a, chequers_serial_rivers_micro_e,
          chequers_serial_rivers_small_a, chequers_serial_rivers_micro_e,
          chequers_serial_rivers_micro_c, chequers_serial_rivers_room_b,
          minmay_fractal_squares_diagonal_5, uniq_robin
D:4:      cheibrodos_old_hovel, layout_gridville,
          chequers_temple_overflow_minitemple, uniq_blork_the_orc
D:5:      layout_loops_ring, serial_shops, nicolae_shop_waterfront, uniq_edmund
D:6:      minmay_chambers_of_sixes, layout_basic, serial_shops, shop,
          nicolae_shop_peninsula, dreamdust_wishing_well
D:7:      layout_loops_corners, minmay_temple_entry_metal_lava,
          grunt_ministairs_4
D:8:      layout_loops_corners, serial_undead, serial_undead_d, serial_undead_d,
          serial_undead_e, serial_undead_c, serial_undead_c, serial_undead_b
D:9:      layout_irregular_city, mainiacjoe_overflow_catch_the_wave,
          lair_entry_dummy, serial_glass, glass_columns_a, glass_columns_b
D:10:     layout_basic, mainiacjoe_overflow_divided_tiny, erik_orc_4,
          uniq_erolcha, uniq_joseph
Lair:1:   layout_loops_ring

Skill      XL: |  1  2  3  4  5  6  7  8  9 10 11 |
---------------+----------------------------------+-----
Spellcasting   | 1 2 3 4 5 6 8 9 |  9.5
Conjurations   | 1 2 3 4 5 6 8 9 |  9.5
Hexes          | 1 2 3 4 5 6 8 9 |  9.5
Summonings     | 1 2 3 4 5 6 0 |  0.0
Necromancy     | 1 2 3 4 5 6 8 9 |  9.5
Translocations | 1 2 3 4 5 6 8 9 |  9.5
Transmutations | 1 2 3 4 5 6 0 |  0.0
Fire Magic     | 1 2 3 4 5 6 0 |  0.0
Ice Magic      | 1 2 3 4 5 6 8 9 |  9.5
Air Magic      | 1 2 3 4 5 6 8 9 |  9.5
Earth Magic    | 1 2 3 4 5 6 8 9 |  9.5
Poison Magic   | 1 2 3 4 5 6 8 9 |  9.5
Fighting       | 3 |  3.0
Shapeshifting  | 3 5 |  5.3
Short Blades   | 2 5 |  5.2
Shields        | 2 5 |  5.0
Dodging        | 4 9 |  9.2
Unarmed Combat | |  3.2

Action                     |  1- 3 |  4- 6 |  7- 9 | 10-12 || total
---------------------------+-------+-------+-------+-------++-------
  Melee: Unarmed           |    36 |     5 |       |       ||    41
         Dagger            |       |    30 |    99 |     7 ||   136
         Punch             |       |     1 |     3 |       ||     4
   Cast: Sandblast         |    36 |   110 |   147 |   106 ||   399
         Static Discharge  |       |       |     1 |       ||     1
         Vampiric Draining |       |       |    32 |   110 ||   142
         Vhi's Electric Ch |       |       |       |     3 ||     3
         Airstrike         |       |       |       |    52 ||    52
 Invoke: Sacrifice Arcana  |       |       |     1 |       ||     1
         Sacrifice Artific |       |       |       |     1 ||     1
  Evoke: Wand              |       |       |     1 |       ||     1
    Use: Scroll            |       |     1 |     2 |       ||     3
   Stab: Sleeping          |       |       |     1 |     1 ||     2
 Armour: Animal skin       |    24 |    43 |    40 |       ||   107
         Leather armour    |       |       |    21 |       ||    21
         Troll leather arm |       |       |    13 |    21 ||    34
  Dodge: Dodged            |    44 |    76 |   196 |   115 ||   431
  Block: Buckler           |       |       |     6 |    50 ||    56
         Form:             |     1 |       |       |       ||     1

Table legend: (Time is in decaauts)
 A = Elapsed time spent in this place.
 B = Non-inter-level travel time spent in this place.
 C = Inter-level travel time spent in this place.
 D = Time resting spent in this place.
 E = Time spent auto-exploring this place.
 F = Levels seen in this place.
 G = Mean time per level.
                   A        B        C        D        E       F      G
               +--------+--------+--------+--------+--------+-----+--------+
         Total |  11084 |  10319 |    765 |   2136 |   5540 |  11 | 1007.6 |
       Dungeon |  10995 |  10231 |    764 |   2122 |   5502 |  10 | 1099.5 |
          Lair |     89 |     89 |      0 |     14 |     38 |   1 |   89.0 |
               +--------+--------+--------+--------+--------+-----+--------+

Top non-repeatable levels by time:
     D:2: 1462 daAuts
     D:4: 1353 daAuts
     D:9: 1306 daAuts
     D:5: 1182 daAuts
     D:1: 1128 daAuts
     D:7: 1089 daAuts
     D:8: 1056 daAuts
     D:3: 938 daAuts
     D:6: 754 daAuts
    D:10: 722 daAuts
  Lair:1: 89 daAuts
